 Dungeon Crawl Stone Soup version 0.19.1 (webtiles) character file.

5698 FortunaImperatrix the Carver (level 10, -6/88 HPs)
             Began as a Hill Orc Monk on Dec 1, 2016.
             Was an Elder of Beogh.
             Killed from afar by an orc (18 damage)
             ... with a wand of acid
             ... on level 9 of the Dungeon.
             The game lasted 00:43:03 (11669 turns).

FortunaImperatrix the Carver (Hill Orc Monk)       Turns: 11669, Time: 00:43:07

Health: -6/88      AC: 13    Str: 18    XL:     10   Next: 76%
Magic:  4/10       EV:  7    Int: 10    God:    Beogh [****..]
Gold:   497        SH:  0    Dex: 13    Spells: 0 memorised, 9 levels left

rFire  . . .     SeeInvis .     a - +0 falchion
rCold  . . .     Gourm    .     F - +0 plate armour
rNeg   + + .     Faith    +     (no shield)
rPois  .         Spirit   .     B - +1 hat {MR+}
rElec  .         Reflect  .     b - +1 cloak
rCorr  .         Harm     .     (no gloves)
MR     +....                    (no boots)
Stlth  ..........               y - amulet of faith
                                w - ring of positive energy
                                l - ring of positive energy

@: corroded
A: beak, mutation resistance 1
a: Smiting, Recall Orcish Followers, Renounce Religion


You were on level 9 of the Dungeon.
You worshipped Beogh.
Beogh was greatly pleased with you.
You were not hungry.

You visited 1 branch of the dungeon, and saw 9 of its levels.

You collected 497 gold pieces.

Inventory:

Hand Weapons
 a - a +0 falchion (weapon)
 x - a +0 blowgun
Missiles
 c - 57 poisoned needles
Armour
 b - a +1 cloak (worn)
 B - a +1 hat of magic resistance (worn)
 F - a +0 plate armour (worn)
Jewellery
 l - a ring of positive energy (left hand)
 w - a ring of positive energy (right hand)
 y - an amulet of faith (around neck)
Wands
 A - a wand of flame (23/48)
 D - a wand of random effects (24/48)
Scrolls
 f - a scroll of amnesia {unknown}
 g - 2 scrolls of identify
 h - 3 scrolls of magic mapping
 i - 7 scrolls of remove curse {unknown}
 m - a scroll of fear {unknown}
 o - a scroll of enchant weapon {unknown}
 p - a scroll of recharging {unknown}
 q - 2 scrolls of fog
 r - a scroll of noise {unknown}
 t - a scroll of blinking {unknown}
 v - 4 scrolls of teleportation {unknown}
Potions
 e - a potion of cancellation
 n - a potion of resistance
 u - 2 potions of curing
 z - a potion of brilliance
 C - a potion of lignification
Comestibles
 d - 3 bread rations
 k - 3 beef jerkies
 s - a fruit


   Skills:
 + Level 8.1 Fighting
 * Level 13.3 Long Blades
 + Level 8.5 Armour
 - Level 2.4 Dodging
 - Level 1.6 Stealth


You had 9 spell levels left.
You didn't know any spells.

Dungeon Overview and Level Annotations

Branches:
Dungeon (9/15)             Temple (0/1) D:4            Lair (0/6) D:8
    Orc: D:9-12

Altars:
Ashenzari
Cheibriados
Dithmenos
Hepliaklqana
Makhleb
Nemelex Xobeh
Okawaru
Qazlal
Ru
Uskayaw
Vehumet
Yredelemnul
The Shining One

Shops:
D:9 =


Innate Abilities, Weirdness & Mutations

You have a beak for a mouth.
You are somewhat resistant to further mutation.


Message History

Unknown command.
Aiming: Smiting
Press: ? - help, Dir - move target cursor, f - orc priest Smite: an orc priest, wielding a flail and wearing a leather armour You smite the orc priest!
The orc priest is severely wounded.
The orc hits you with a short sword.
* * * LOW HITPOINT WARNING * * *
Aiming: Smiting
Press: ? - help, Dir - move target cursor, f/p - orc priest Smite: an orc priest, wielding a flail and wearing a leather armour (heavily wounded)
You smite the orc priest!
You kill the orc priest!
Beogh accepts your kill.
Beogh appreciates your killing of a heretic priest.
You can no longer walk on water.
You can no longer give items to your followers.
The orc zaps a wand.
The bolt of acid hits you!
You die...
Beogh appreciates the orc's killing of a heretic priest.

#.............
#.............
#.............
#.............
#.............
#.............
#.....)o).)...
#@## #oo#####
##ooo..# ##+#
########o####
#...


#..ooooooo..# #... #...oo.oo...+ #... #....o......# +... #....o......# #...
#...........# #... You could see an orc, a friendly orc knight, a friendly orc
warrior and 3 friendly orcs.

Vanquished Creatures
  A slime creature (D:6)
  A hippogriff (D:7)
  3 yaks (D:9)
  The ghost of CanadianGator the Ruffian, an amateur MiTm (D:3)
  2 sky beasts
  4 ogres
  3 centaurs
  A big kobold (D:8)
  4 bullfrogs
  2 scorpions
  A howler monkey (D:5)
  A gnoll shaman (D:4)
  A hound (D:5)
  5 jellies
  A bullfrog zombie (D:8)
  An orc priest (D:9)
  Terence (D:2)
  An iguana (D:4)
  3 orc wizards
  6 worker ants
  A hound skeleton (D:7)
  12 gnolls
  A worker ant zombie (D:6)
  9 adders
  A shadow imp (D:5)
  7 oozes
  An adder skeleton (D:6)
  2 worms
  2 dart slugs
  6 leopard geckos
  17 orcs
  6 giant cockroaches
  4 hobgoblins
  5 jackals
  15 kobolds
  2 quokkas
  6 bats
  4 frilled lizards
  6 goblins
  A jackal skeleton (D:5)
  2 quokka skeletons
  2 rats
155 creatures vanquished.

Vanquished Creatures (collateral kills)
  Gastronok (D:9)
  Maurice (D:9)
  A wyvern (D:7)
  6 yaks (D:9)
  2 sky beasts
  2 orc warriors (D:9)
  An ice beast (D:7)
  A phantom (D:9)
  2 ogres
  A centaur (D:9)
  A big kobold (D:7)
  3 bullfrogs
  7 killer bees
  2 crimson imps
  2 jellies (D:6)
  A bullfrog zombie (D:7)
  A quasit (D:8)
  3 hounds
  An orc wizard (D:9)
  2 bullfrog skeletons
  An iguana (D:8)
  A worker ant (D:8)
  A hound zombie (D:9)
  A gnoll (D:7)
  7 oozes
  An adder zombie (D:7)
  3 orcs
  A jackal (D:7)
  3 kobolds
  A leopard gecko skeleton (D:6)
61 creatures vanquished.

Vanquished Creatures (others)
  An orc wizard (D:9)
  6 orcs
  A frilled lizard (D:4)
  7 fungi (D:6)
15 creatures vanquished.

Grand Total: 231 creatures vanquished

Notes
Turn   | Place    | Note
-------+----------+-------------------------------------------
     0 | D:1      | FortunaImperatrix the Hill Orc Monk began the quest for the Orb.
     0 | D:1      | Reached XP level 1. HP: 19/19 MP: 1/1
   239 | D:1      | Reached XP level 2. HP: 27/27 MP: 2/2
   494 | D:1      | Reached skill level 4 in Long Blades
   828 | D:1      | Reached XP level 3. HP: 33/33 MP: 3/3
  1665 | D:2      | Reached skill level 1 in Armour
  1792 | D:2      | Reached XP level 4. HP: 35/40 MP: 4/4
  2052 | D:2      | Noticed Terence
  2070 | D:2      | Killed Terence
  2070 | D:2      | Reached skill level 5 in Long Blades
  2317 | D:3      | Noticed CanadianGator's ghost (amateur MiTm)
  2718 | D:3      | Found a shattered altar of Ashenzari.
  2782 | D:3      | Noticed an ogre
  2796 | D:3      | Killed an ogre
  2796 | D:3      | Reached XP level 5. HP: 29/46 MP: 5/5
  3074 | D:3      | Killed CanadianGator's ghost
  3074 | D:3      | Reached skill level 6 in Long Blades
  3074 | D:3      | Reached XP level 6. HP: 24/53 MP: 6/6
  3921 | D:4      | Reached skill level 7 in Long Blades
  4011 | D:4      | Reached XP level 7. HP: 37/60 MP: 7/7
  4224 | D:4      | Found a shadowy altar of Dithmenos.
  4382 | D:4      | Became a worshipper of Beogh the Brigand
  4382 | D:4      | Reached * piety under Beogh
  4382 | D:4      | Reached ** piety under Beogh
  4390 | D:4      | Found a staircase to the Ecumenical Temple.
  4910 | D:4      | Found a hide-covered altar of Uskayaw.
  5364 | D:5      | Entered Level 5 of the Dungeon
  5999 | D:5      | Reached skill level 8 in Long Blades
  6132 | D:5      | Reached skill level 5 in Fighting
  6311 | D:5      | Reached XP level 8. HP: 38/68 MP: 8/8
  6482 | D:5      | Reached skill level 5 in Armour
  6849 | D:6      | Reached skill level 9 in Long Blades
  7359 | D:6      | Gained mutation: You are somewhat resistant to further mutation. [potion of beneficial mutation]
  7360 | D:6      | Gained mutation: You have a beak for a mouth. [potion of beneficial mutation]
  7402 | D:6      | Reached *** piety under Beogh
  7466 | D:6      | Found an iron altar of Okawaru.
  7477 | D:6      | Reached skill level 10 in Long Blades
  7501 | D:6      | Noticed a slime creature
  7543 | D:6      | Killed a slime creature
  7543 | D:6      | Reached XP level 9. HP: 10/75 MP: 9/9
  7907 | D:5      | Gained Morguth as an ally
  8442 | D:6      | Found a burning altar of Makhleb.
  8485 | D:6      | Found a radiant altar of Vehumet.
  8855 | D:7      | Reached skill level 11 in Long Blades
  9042 | D:7      | Found a hazy altar of Hepliaklqana.
  9062 | D:7      | Found a faded altar of an unknown god.
  9062 | D:7      | Found a faded altar of an unknown god.
  9068 | D:7      | Found a faded altar of an unknown god.
  9074 | D:7      | Found a faded altar of an unknown god.
  9075 | D:7      | Found a snail-covered altar of Cheibriados.
  9162 | D:7      | Found a stormy altar of Qazlal.
  9343 | D:7      | Reached **** piety under Beogh
  9770 | D:7      | Found a sparkling altar of Nemelex Xobeh.
 10127 | D:8      | Found a glowing golden altar of the Shining One.
 10132 | D:8      | Found a basalt altar of Yredelemnul.
 10153 | D:8      | Found a staircase to the Lair.
 10215 | D:8      | Found a sacrificial altar of Ru.
 10612 | D:8      | Noticed an angel
 10659 | D:9      | Reached skill level 12 in Long Blades
 10659 | D:9      | Reached XP level 10. HP: 63/86 MP: 8/10
 10703 | D:9      | Noticed Maurice
 10704 | D:9      | Noticed Gastronok
 10714 | D:9      | Killed Maurice
 10726 | D:9      | Killed Gastronok
 11020 | D:9      | Reached skill level 13 in Long Blades
 11603 | D:9      | Found Datal's Jewellery Emporium.
 11615 | D:9      | Reached ***** piety under Beogh
 11669 | D:9      | Killed from afar by an orc

Skill      XL: |  1  2  3  4  5  6  7  8  9 10 |
---------------+-------------------------------+-----
Long Blades    | 4 5 6 7 8 10 12 13 | 13.3
Armour         | 1 2 3 4 6 7 8 |  8.5
Fighting       | 4 5 6 7 8 |  8.1
Dodging        | |  2.4
Stealth        | |  1.6

Action                   |  1- 3 |  4- 6 |  7- 9 | 10-12 || total
-------------------------+-------+-------+-------+-------++-------
Melee: Falchion          |   126 |   218 |   630 |   100 ||  1074
       Peck              |       |       |    65 |    24 ||    89
Invok: Convert to Beogh  |       |       |     1 |       ||     1
       Recall Orcish Fol |       |       |     1 |       ||     1
       Smiting           |       |       |       |     2 ||     2
  Use: Scroll            |       |     3 |     7 |       ||    10
       Potion            |       |     4 |     3 |       ||     7
 Stab: Sleeping          |     1 |       |       |       ||     1
       Distracted        |       |       |     2 |     1 ||     3
  Eat: Chunk             |     3 |     2 |    10 |     2 ||    17
       Bread ration      |       |     1 |     1 |       ||     2
       Meat ration       |       |       |     2 |       ||     2
Armor: Ring mail         |    39 |       |       |       ||    39
       Chain mail        |     5 |    81 |   356 |    25 ||   467
       Plate armour      |       |       |       |    22 ||    22
Dodge: Dodged            |    72 |    71 |   222 |    30 ||   395
       Rpst.: Falchion   |    21 |    29 |    63 |     9 ||   122
